 Dungeon Crawl Stone Soup version 0.27.0-1-g7a089689b8 (webtiles) character file.

Game seed: 10587108010875468228

1516 robertstho the Magician (level 9, -8/58 HPs)
             Began as a Djinni Fire Elementalist on Aug 3, 2021.
             Was an Initiate of Gozag.
             Mangled by a wraith (13 damage)
             ... on level 5 of the Dungeon.
             The game lasted 00:11:42 (7766 turns).

robertstho the Magician (Djinni Fire Elementalist)  Turns: 7766, Time: 00:11:43

Health: -8/58      AC:  2    Str:  7    XL:     9   Next: 9%
Gold:   280        EV: 13    Int: 21    God:    Gozag SH:  0 Dex: 13

rFire    + + .     SeeInvis .   f - +0 dagger (venom)
rCold    x . .     Faith    .   (no shield)
rNeg     . . .     Spirit   .   a - +0 robe
rPois    ∞         Reflect  .   (no helmet)
rElec    .         Harm     .   (no cloak)
rCorr    .         Rampage  .   (no gloves)
Will     .....                  (boots unavailable)
Stlth    ++........             (no amulet)
HPRegen  0.19/turn              (no ring)
MPRegen  0.00/turn              (no ring)

@: about to teleport, flying, slowed, very slow
A: sickness immunity, fire resistance 2, cold vulnerability 1, float, innate
caster, hp casting, extra vitality 1
a: Renounce Religion, Potion Petition, Call Merchant, Bribe Branch


You were on level 5 of the Dungeon.
You worshipped Gozag.
Gozag was aware of your devotion.
You visited 2 branches of the dungeon, and saw 8 of its levels.

You collected 333 gold pieces.
You paid 53 gold pieces to Gozag.

Inventory:

Hand Weapons
 c - a +0 dagger
 f - a +0 dagger of venom (weapon)
 n - a +0 long sword of holy wrath
Armour
 a - a +0 robe (worn)
 k - a +0 pair of gloves
Scrolls
 d - a scroll of enchant weapon
 e - 2 scrolls of fear {unknown}
 i - a scroll of summoning
 m - a scroll of magic mapping
Potions
 g - 3 potions of attraction
 h - 2 potions of heal wounds
 j - a potion of berserk rage {unknown}
 l - a potion of haste {unknown}
 o - 2 potions of cancellation {unknown}


   Skills:
 + Level 2.2 Fighting
 + Level 1.4 Short Blades
 + Level 3.7 Dodging
 + Level 3.7 Stealth
 + Level 7.3 Spellcasting


You couldn't memorise any spells.
You knew the following spells:

 Your Spells              Type           Power      Damage    Failure   Level
a - Foxfire               Conj/Fire      100%       2x1d9     1%          1
b - Conjure Flame         Conj/Fire      38%        6-21      1%          3
c - Inner Flame           Hex/Fire       38%        N/A       1%          3
d - Sticky Flame          Conj/Fire      38%        2d6       4%          4
e - Fireball              Conj/Fire      19%        3d9       12%         5
f - Shock                 Conj/Air       100%       1d9       1%          1
g - Blink                 Tloc           N/A        N/A       1%          2
h - Corpse Rot            Necr/Air       N/A        N/A       1%          2
i - Call Canine Familiar  Summ           38%        N/A       1%          3
Your spell library was empty.

Dungeon Overview and Level Annotations

Branches:
Dungeon (7/15)             Temple (1/1) D:4

Altars:
Cheibriados
Elyvilon
Gozag
Kikubaaqudgha
Makhleb
Okawaru
Qazlal
Wu Jian
Yredelemnul
Zin
The Shining One


Innate Abilities, Weirdness & Mutations

You are immune to sickness and miasma.
You are immune to poison.
Your flesh is very heat resistant. (rF++)
You are vulnerable to cold. (rC-)
You float through the air rather than walking.
You learn spells naturally, not from books.
Your magical power is your life essence.
You have superior vitality. (+4 HP)


Message History

The sticky flame hits the wraith but does no damage.
The wraith is heavily damaged.
The wraith hits you!
Unknown command.
Casting: Sticky Flame (dangerous; 4% risk of failure)
Confirm with . or Enter, or press ? or * to list all spells.
Aiming: Sticky Flame (dangerous; 4% risk of failure)
Press: ? - help, Shift-Dir - straight line, f/p - wraith
Aim: a wraith (heavily damaged, 100% to hit)
The sticky flame hits the wraith.
The wraith is severely damaged.
The wraith hits you.
Unknown command.
Casting: Sticky Flame (dangerous; 4% risk of failure)
Confirm with . or Enter, or press ? or * to list all spells.
Aiming: Sticky Flame (dangerous; 4% risk of failure)
Press: ? - help, Shift-Dir - straight line, f/p - wraith
Aim: a wraith (severely damaged, 100% to hit)
The sticky flame hits the wraith but does no damage.
The wraith is severely damaged.
The wraith hits you.
* * * LOW HITPOINT WARNING * * *
The wraith drains your vigour!
You feel yourself slow down.
Casting: Sticky Flame (dangerous; 4% risk of failure)
Confirm with . or Enter, or press ? or * to list all spells.
Aiming: Sticky Flame (dangerous; 4% risk of failure)
Press: ? - help, Shift-Dir - straight line, f/p - wraith
Aim: a wraith (severely damaged, 100% to hit)
The sticky flame hits the wraith.
The wraith is severely damaged.
* * * LOW HITPOINT WARNING * * *
The wraith hits you!
* * * LOW HITPOINT WARNING * * *
The wraith hits you but does no damage.
As you read the scroll of teleportation, it crumbles to dust.
You feel strangely unstable. The wraith closely misses you.
Unknown command.
The wraith hits you!
You die...
Your body crumbles into a pile of gold.

#.############ ......
##.##.........# .....
#...#...).....# ...#
##............#### ...#
#.<#............##...#
#............##....####.#
#.##.........##...$).....
#.##........)##W##§######
#.##.........).@# .#
#.##.........#......#
##>###.########.###.....
......)## #.# #.###
........## ..# .# .
.........# #.## .# ..
....<.)..# #. .(.
......)..# #[ ....
......[..# .....


You could see a wraith.

Vanquished Creatures
  Pikel (D:4)
  2 water moccasins
  A black bear (D:5)
  A necrophage (D:5)
  A lemure (D:4)
  Blork the orc (D:5)
  A gnoll sergeant (D:3)
  A water moccasin zombie (D:5)
  A water moccasin skeleton (D:4)
  A jelly (D:4)
  2 orc wizards (D:4)
  Natasha (thrice) (D:2)
  15 gnolls
  5 adders
  A white imp (D:5)
  2 worms
  2 dart slugs
  An orc (D:4)
  10 bats
  2 endoplasms
  4 giant cockroaches
  7 goblins
  5 hobgoblins
  4 jackals
  6 quokkas
  6 ball pythons (D:1)
  5 frilled lizards
  10 kobolds
  12 rats
113 creatures vanquished.

Vanquished Creatures (others)
  574 foxfires
574 creatures vanquished.

Grand Total: 687 creatures vanquished

Notes
Turn   | Place    | Note
-------+----------+-------------------------------------------
     0 | D:1      | robertstho the Djinni Fire Elementalist began the quest for
                  | the Orb.
     0 | D:1      | Reached XP level 1. HP: 15/15 MP: 0/0
   251 | D:1      | Reached XP level 2. HP: 18/21 MP: 0/0
   609 | D:1      | Reached skill level 3 in Spellcasting
   820 | D:1      | Reached XP level 3. HP: 18/25 MP: 0/0
   820 | D:1      | Learned a level 1 spell: Shock
  1783 | D:2      | Found a burning altar of Makhleb.
  1856 | D:2      | Noticed Natasha
  1862 | D:2      | Killed Natasha
  1863 | D:2      | Reached XP level 4. HP: 7/31 MP: 0/0
  2587 | D:2      | Noticed Natasha
  2597 | D:2      | Killed Natasha
  2598 | D:2      | Reached XP level 5. HP: 7/36 MP: 0/0
  2598 | D:2      | Learned a level 2 spell: Blink
  3261 | D:2      | Noticed Natasha
  3264 | D:2      | Killed Natasha
  3265 | D:2      | Reached skill level 4 in Spellcasting
  4180 | D:2      | Reached XP level 6. HP: 28/41 MP: 0/0
  4478 | D:3      | Reached skill level 1 in Fighting
  5015 | D:3      | Found a faded altar of an unknown god.
  5730 | D:4      | Noticed a water moccasin
  5736 | D:4      | Killed a water moccasin
  5737 | D:4      | Reached skill level 5 in Spellcasting
  5737 | D:4      | Reached XP level 7. HP: 34/47 MP: 0/0
  5737 | D:4      | Learned a level 2 spell: Corpse Rot
  5811 | D:4      | Noticed Pikel
  5818 | D:4      | Killed Pikel
  5819 | D:4      | Reached skill level 1 in Short Blades
  5819 | D:4      | Reached skill level 6 in Spellcasting
  5819 | D:4      | Reached XP level 8. HP: 26/54 MP: 0/0
  6210 | D:4      | Found a glowing silver altar of Zin.
  6335 | D:4      | Found a staircase to the Ecumenical Temple.
  6349 | Temple   | Entered the Ecumenical Temple
  6479 | Temple   | Became a worshipper of Gozag Ym Sagoz the Greedy
  7008 | D:4      | You are sucked into a shaft and drop 3 floors!
  7069 | D:5      | Entered Level 5 of the Dungeon
  7069 | D:5      | Noticed a wraith
  7415 | D:5      | Noticed Blork the orc
  7420 | D:5      | Killed Blork the orc
  7640 | D:5      | Reached skill level 7 in Spellcasting
  7640 | D:5      | Reached XP level 9. HP: 47/58 MP: 0/0
  7640 | D:5      | Learned a level 3 spell: Call Canine Familiar
  7766 | D:5      | Mangled by a wraith

Illustrated notes

Levels and vault maps discovered:
D:1:      sevenhm_arrival_forest_fort_large_1, layout_basic
D:2:      layout_loops_corners, basic_altar, amethyst_killhole, uniq_natasha
D:3:      layout_loops_ring, dreamdust_ecumenical_altar_angels_and_demons
D:4:      layout_basic, mainiacjoe_overflow_brackets,
          minmay_temple_entry_slanted, uniq_pikel
D:5:      layout_rooms, nicolae_ru_sacrificial_ziggurat,
          mainiacjoe_overflow_catwalk, uniq_ijyb, uniq_blork_the_orc
D:6:      layout_basic, chequers_jeans
D:7:      layout_basic, mainiacjoe_overflow_boulevard, bloody_trog
Temple:   nicolae_temple_figure_zero

Skill      XL: |  1  2  3  4  5  6  7  8 |
---------------+-------------------------+-----
Spellcasting   | 3 4 5 6 7 |  7.3
Stealth        | 2 3 |  3.7
Fighting       | 1 2 |  2.2
Short Blades   | 1 |  1.4
Dodging        | 3 |  3.7

Action                   |  1- 3 |  4- 6 |  7- 9 || total
-------------------------+-------+-------+-------++-------
Melee: Dagger            |     7 |    26 |     4 ||    37
 Cast: Foxfire           |    78 |   146 |   126 ||   350
       Conjure Flame     |       |     2 |       ||     2
       Sticky Flame      |       |     1 |    11 ||    12
  Use: Scroll            |       |       |     9 ||     9
 Stab: Sleeping          |     1 |       |       ||     1
Armor: Robe              |     7 |     9 |     1 ||    17
Dodge: Dodged            |    16 |    34 |    13 ||    63
